Cogmind - Beta 10 X2 @@@ ROGUE MODE // 2020.06.30 @ 10:55:53 Player: Kyzrati Result: Escaped! Performance ------------- Evolutions (9) 4500 Regions Visited (24) 4800 Robots Destroyed (231) 1155 Value Destroyed (16476) 16476 Prototype IDs (13) 260 Alien Tech Used (0) 0 Bonus (12838) 12838 TOTAL SCORE: 40029 Bonus ------- High Alert Combat Kills 843 Follower Combat Kills 4676 Entered Garrisons 1800 Used RIF Installer 4000 Win 3000 Friendly Fire -1481 Cogmind --------- Core Integrity 363/1600 Matter 300/300 Energy 95/100 System Corruption 37% Temperature Cool (0) Movement Core (50) Location To Epsilon Eridani Parts ------- > --- POWER (1) -------- (None) > --- PROPULSION (4) --- Myomer Leg Improved Antigrav System > --- UTILITY (18) ----- (None) > --- WEAPON (2) ------- (None) > --- INVENTORY (4) ---- Gamma Rifle Railgun Advanced Remote Datajack Plasma Lance Peak State ------------ > --- POWER ------------ Quantum Reactor > --- PROPULSION ------- Improved Antigrav System Improved Antigrav System Improved Antigrav System Improved Antigrav System > --- UTILITY ---------- Advanced Heat Sink Advanced Heat Sink Medium Storage Unit Medium Storage Unit Energy Well Advanced Melee Analysis Suite Advanced Melee Analysis Suite Advanced Melee Analysis Suite Advanced Melee Analysis Suite Advanced Melee Analysis Suite Advanced Melee Analysis Suite Advanced Melee Analysis Suite Advanced Target Analyzer Advanced Transmission Jammer Advanced Reaction Control System Improved Focal Shield Relay Coupler [NC] Relay Coupler [Grunt] > --- WEAPON ----------- Plasma Lance Plasma Lance > --- INVENTORY -------- Light Antimatter Reactor Biometal Leg Improved Antigrav System Energy Well Relay Coupler [Grunt] Gamma Rifle Gamma Rifle Advanced Remote Datajack Advanced Remote Datajack Plasma Lance Plasma Lance [Rating: 146] Favorites ----------- Power Reinforced Deuterium Engine Engine Reinforced Deuterium Engine Power Core Cooled Fission Core Reactor Light Quantum Reactor Propulsion Armored Wheel Treads Armored Treads Leg Enhanced Flexi-carbon Leg Wheel Armored Wheel Hover Unit Improved Antigrav System Utility High-capacity Storage Unit Device Advanced Heat Sink Storage High-capacity Storage Unit Processor Enhanced Optical Array Hackware Relay Coupler [Sentry] Protection Improved Medium Armor Plating Weapon Remote Datajack Energy Gun Force Rifle Energy Cannon EM Pulse Cannon Ballistic Gun Autogun Ballistic Cannon Assault Cannon Launcher Shock Bomb Launcher Special Weapon Remote Datajack Slashing Weapon Axe Piercing Weapon Force Lance Special Melee Weapon Improved Datajack Build | -11 -10 -10 -10 -9 -8 -8 -8 -8 -7 -7 -7 -7 -6 -6 -5 -5 -4 -4 -4 -4 -3 -3 -2 -1 ------- Run | Scr Mat Min Exi Min Mat Gar Mat Gar Fac Gar Fac Gar Fac Gar Fac Gar Fac Gar Fac Gar Res Gar Res Acc Slots Evolved 18 | . . . . . 4 . . . 2 . . . 2 . 2 . 2 . . . 2 . 2 2 Power . | . . . . . . . . . . . . . . . . . . . . . . . . . Propulsion 2 | . . . . . . . . . . . . . . . . . . . . . . . . 2 Utility 16 | . . . . . 4 . . . 2 . . . 2 . 2 . 2 . . . 2 . 2 . Weapon . | . . . . . . . . . . . . . . . . . . . . . . . . . Parts Attached 548 | 8 14 . . 2 6 23 63 2 17 24 25 18 4 25 35 33 17 26 21 13 11 18 36 107 Power 38 | 1 2 . . . . 3 8 . 1 1 . . . 2 1 1 . 1 . 1 . 1 5 10 Engine 12 | 1 2 . . . . 2 4 . 1 1 . . . 1 . . . . . . . . . . Core 10 | . . . . . . 1 4 . . . . . . 1 1 1 . 1 . . . . 1 . Reactor 16 | . . . . . . . . . . . . . . . . . . . . 1 . 1 4 10 Propulsion 87 | 3 6 . . . . 9 6 1 3 1 . 1 . 1 3 5 1 2 1 . . 4 9 31 Treads 11 | . 1 . . . . . 2 1 . . . . . . . . . . . . . . . 7 Leg 27 | 2 1 . . . . 7 1 . . . . . . . 3 2 . . . . . . 6 5 Wheel 29 | 1 4 . . . . 2 3 . 3 1 . 1 . 1 . 3 1 2 1 . . 4 2 . Hover 20 | . . . . . . . . . . . . . . . . . . . . . . . 1 19 Flight . | . . . . . . . . . . . . . . . . . . . . . . . . . Utility 219 | 1 2 . . . 2 4 19 . 7 13 10 9 3 12 20 13 10 12 11 4 8 5 13 41 Device 67 | . . . . . . 2 4 . 3 5 3 1 2 4 7 4 2 4 2 1 2 . 3 18 Storage 30 | 1 2 . . . . 1 4 . 2 1 . . . 1 1 . 2 . . . 4 1 1 9 Processor 18 | . . . . . 1 1 1 . 1 1 1 . 1 . . . . . . . . . 2 9 Hackware 69 | . . . . . . . 7 . . 5 5 5 . 4 8 7 3 6 6 3 1 2 4 3 Protection 35 | . . . . . 1 . 3 . 1 1 1 3 . 3 4 2 3 2 3 . 1 2 3 2 Artifact . | . . . . . . . . . . . . . . . . . . . . . . . . . Weapon 204 | 3 4 . . 2 4 7 30 1 6 9 15 8 1 10 11 14 6 11 9 8 3 8 9 25 Energy Gun 23 | 1 1 . . . . . 4 . . 4 5 2 . . . 2 . . 1 . . . . 3 Energy Cannon 28 | . . . . . . 2 11 . 4 . . . 1 4 4 1 . . . . . . . 1 Ballistic Gun 49 | 2 3 . . 1 2 5 3 . . . . . . 2 2 6 1 3 3 3 1 2 3 7 Ballistic Cannon 10 | . . . . . . . 4 . 1 1 2 2 . . . . . . . . . . . . Launcher 13 | . . . . . . . 1 1 . 1 1 1 . 1 . . 1 1 1 . . 3 1 . Special Weapon 46 | . . . . 1 2 . . . . 3 4 2 . 3 4 3 3 5 3 2 . 2 4 5 Impact Weapon . | . . . . . . . . . . . . . . . . . . . . . . . . . Slashing Weapon 15 | . . . . . . . . . 1 . 3 1 . . 1 2 1 2 1 3 . . . . Piercing Weapon 12 | . . . . . . . . . . . . . . . . . . . . . 2 1 . 9 Special Melee Weapon 8 | . . . . . . . 7 . . . . . . . . . . . . . . . 1 . Unidentified Prototypes 3 | . . . . . . . . . . . . . . . . . . . . . . . . 3 Parts Lost 129 | . 6 . . . . 12 11 . 1 . 2 1 . 3 5 6 . 4 3 . . 2 22 51 Power 17 | . 2 . . . . 3 2 . . . . . . . 1 1 . . . . . . 4 4 Propulsion 41 | . 2 . . . . 4 3 . . . . 1 . 1 1 2 . 1 . . . 1 5 20 Utility 43 | . . . . . . 1 2 . . . . . . . 1 1 . 2 3 . . 1 11 21 Weapon 28 | . 2 . . . . 4 4 . 1 . 2 . . 2 2 2 . 1 . . . . 2 6 Highest Loss Streak 18 | . 6 . . . . 5 5 . 1 . 1 1 . 1 2 4 . 2 2 . . 2 18 15 Average Slot Usage (%) 93 | . 97 100 100 100 78 96 98 100 95 97 99 99 98 91 95 98 89 87 88 92 88 99 79 76 Engine 3 | . 13 14 14 14 9 3 5 9 6 7 7 7 6 3 . . . . . . . . . . Core 1 | . . . . . . 5 3 . . . . . . 2 4 4 5 5 5 1 . . . . Treads 1 | . 6 . . . . . 7 18 2 . . . . . . . . . . . . . . 5 Leg 2 | . 8 . . . . 8 . . . . . . . . 8 5 . . . . . . 1 3 Wheel 8 | . 12 28 28 28 18 9 10 . 12 15 15 15 13 7 1 4 5 8 5 5 4 8 5 . Device 6 | . . . . . . 12 2 . 11 5 2 3 8 6 7 6 5 5 5 1 . 4 4 19 Storage 21 | . 26 28 28 28 18 21 27 27 23 23 23 23 20 20 22 23 21 21 21 21 19 22 16 10 Processor 10 | . . . . . 8 16 12 9 11 16 7 7 11 13 11 11 10 10 10 10 9 6 5 14 Hackware 16 | . . . . . . . 7 . . 13 27 20 20 20 22 25 27 19 24 28 29 33 24 6 Protection 3 | . . . . . 6 . 3 18 10 . . 4 4 4 1 1 3 5 4 10 10 6 5 . Energy Gun 1 | . 4 . . . . . 4 . . 9 4 3 . . . . . . . . . . . . Energy Cannon 1 | . . . . . . 2 7 11 10 . . . 5 4 1 1 . . . . . . . . Ballistic Gun 4 | . 23 28 28 27 15 15 1 . . . . . . 2 1 2 . 4 2 3 . . 2 2 Special Weapon 2 | . . . . . 2 . . . . 3 5 5 6 4 3 3 4 2 2 4 4 3 1 . Slashing Weapon 1 | . . . . . . . . . . . 2 . . . 3 1 4 2 4 1 1 . . . Naked Turns 7 | . . . . . . . . . . . . . . . . . . . . . . . 7 . Heaviest Build 190 | 10 43 43 43 43 50 77 95 95 109 123 139 139 131 149 162 164 175 190 165 169 182 174 178 66 Greatest Support 131 | 20 24 24 24 24 24 30 40 40 40 24 24 24 24 28 56 56 28 28 28 28 28 28 53 131 Greatest Overweight (x) 15 | . 3 1 1 1 2 4 7 2 4 5 5 10 5 11 5 13 6 7 6 6 6 13 12 15 Average Overweight (x) 3 | . . 1 1 1 1 2 2 2 2 4 4 4 4 4 2 7 5 6 5 5 5 6 4 . Largest Inventory Capacity 36 | 6 16 16 16 16 16 24 24 24 26 28 28 28 28 28 36 36 36 36 36 36 36 36 36 12 Average Capacity 27 | 5 14 16 16 16 16 19 24 24 24 27 28 28 28 28 35 36 36 36 36 36 36 36 28 9 Most Carried 36 | 6 10 8 14 15 16 24 24 23 24 28 28 28 28 28 36 36 36 36 36 36 36 36 36 12 Average Carried 25 | 3 6 8 11 14 14 16 22 23 23 27 25 25 27 27 32 34 33 31 33 35 35 35 28 8 Final Capacity 36 | 6 16 16 16 16 16 24 24 24 26 28 28 28 28 28 36 36 36 36 36 36 36 36 4 4 Final Carried 36 | 6 8 8 14 15 14 24 23 23 24 28 22 28 28 28 32 36 34 36 34 36 36 36 4 4 Class Distribution -------------------- 37% | Botlord-Mutant 35% | Bothacker-Mutant 11% | Scavenger-Mutant 8% | Mutant 6% | Botlord-Assassin Dominant Class ---------------- Mutant | -10/Materials Mutant | -10/Mines Mutant | -10/Exiles Mutant | -9/Mines Mutant | -8/Materials Scavenger-Mutant | -8/Garrison Bothacker-Mutant | -8/Materials Bothacker-Mutant | -8/Garrison Bothacker-Mutant | -7/Factory Bothacker-Mutant | -7/Garrison Bothacker-Mutant | -7/Factory Bothacker-Mutant | -7/Garrison Bothacker-Mutant | -6/Factory Botlord-Mutant | -6/Garrison Botlord-Mutant | -5/Factory Botlord-Mutant | -5/Garrison Botlord-Assassin | -4/Factory Botlord-Mutant | -4/Garrison Botlord-Assassin | -4/Factory Botlord-Mutant | -4/Garrison Botlord-Mutant | -3/Research Botlord-Mutant | -3/Garrison Botlord-Mutant | -2/Research Scavenger-Mutant | -1/Access Resources | -11 -10 -10 -10 -9 -8 -8 -8 -8 -7 -7 -7 -7 -6 -6 -5 -5 -4 -4 -4 -4 -3 -3 -2 -1 ----------- Run | Scr Mat Min Exi Min Mat Gar Mat Gar Fac Gar Fac Gar Fac Gar Fac Gar Fac Gar Fac Gar Res Gar Res Acc Matter Collected 11083 | 259 334 34 . 16 120 988 900 32 267 561 460 467 . 428 516 622 520 521 455 347 216 594 627 1799 Remotely . | . . . . . . . . . . . . . . . . . . . . . . . . . Salvage Created 14013 | . 284 . . 55 7 1140 1199 97 375 389 621 517 . 354 854 466 425 569 942 199 . 1613 891 3016 Parts 600 | . 17 . . 5 . 59 62 3 21 15 17 22 . 10 38 14 19 22 35 3 . 42 49 147 Haulers Intercepted 5 | . 1 . . . . . 1 . . . . . . . 1 . . . 1 . . . . 1 Recyclers Shooed 5 | . . . . 1 . . . . 1 . . . . . 1 . . . 1 . . . 1 . Parts Field Recycled . | . . . . . . . . . . . . . . . . . . . . . . . . . Retrieved Matter . | . . . . . . . . . . . . . . . . . . . . . . . . . Parts Self-Destructed . | . . . . . . . . . . . . . . . . . . . . . . . . . Prevented . | . . . . . . . . . . . . . . . . . . . . . . . . . Kills | -11 -10 -10 -10 -9 -8 -8 -8 -8 -7 -7 -7 -7 -6 -6 -5 -5 -4 -4 -4 -4 -3 -3 -2 -1 ------- Run | Scr Mat Min Exi Min Mat Gar Mat Gar Fac Gar Fac Gar Fac Gar Fac Gar Fac Gar Fac Gar Res Gar Res Acc Combat Hostiles Destroyed 189 | . 5 . . . 1 26 28 5 7 2 11 9 . 5 14 3 4 7 9 . . 8 11 34 Melee 24 | . . . . . . . . . . . 2 . . . 1 . . 1 . . . . 7 13 Guns 82 | . 5 . . . 1 26 5 . . 2 4 2 . . 6 3 . 4 6 . . . 1 17 Cannons 43 | . . . . . . . 17 . 7 . 3 1 . 5 6 . . . . . . . . 4 AOE 29 | . . . . . . . 5 5 . . 1 5 . . . . 3 1 2 . . 5 2 . Classes Destroyed 16 | . 2 . . 2 1 2 1 . 2 . 2 . . . . . 2 2 . . . . . . Worker 10 | . . . . 1 . . 1 . . . . . . . 5 . . . 1 . . . . 2 Builder 7 | . . . . . . . . . 1 . 1 . . . 2 . . . 1 . . . . 2 Tunneler 1 | . . . . 1 . . . . . . . . . . . . . . . . . . . . Hauler 5 | . 1 . . . . . 1 . . . . . . . 1 . . . 1 . . . . 1 Recycler 8 | . . . . . . . . . . . . . . . . . 1 . 1 . . . 1 5 Operator 2 | . . . . . . . . . . . 1 . . . 1 . . . . . . . . . Watcher 2 | . . . . . . . . . . . . . . . . . 1 . . . . . . 1 Swarmer 31 | . . . . . 1 10 4 . . 1 . 1 . . 2 . 1 . . . . . 1 10 Grunt 98 | . 5 . . . . 12 16 5 1 2 8 9 . 5 5 3 3 4 6 . . 7 1 6 Brawler 4 | . . . . . . . 1 . 1 . . . . . 1 . . . . . . . . 1 Duelist 2 | . . . . . . . . . . . 2 . . . . . . . . . . . . . Sentry 17 | . . . . . . 3 8 . 2 . . . . . . . . 1 . . . . . 3 Specialist 2 | . . . . . . . . . . . . . . . . . . 1 . . . 1 . . Hunter 8 | . . . . . . 1 . . . . . . . 1 1 . . 1 . . . . 2 2 Programmer 33 | . . . . . . . . . 3 . 1 . . . 5 . . . 3 . . . 7 14 Behemoth 1 | . . . . . . . . . . . . . . . . . . 1 . . . . . . Best Kill Streak 10 | . 2 . . 1 1 5 10 5 1 2 3 3 . 2 6 3 6 3 6 . . 3 4 6 Combat Bots Only 10 | . 2 . . . 1 5 10 5 1 2 3 3 . 2 4 3 4 3 4 . . 3 4 5 Max Kills in Single Turn 3 | . 1 . . 1 1 1 3 1 1 1 1 2 . 1 3 1 2 1 1 . . 1 1 1 Gunslinging . | . . . . . . . . . . . . . . . . . . . . . . . . . Exploded 3 | . . . . . . . 3 1 . . 1 2 . . . . 1 1 1 . . 1 1 . Melee 1 | . . . . . . . . . . . 1 . . . 1 . . 1 . . . . 1 1 Uniques/NPCs Destroyed . | . . . . . . . . . . . . . . . . . . . . . . . . . Combat | -11 -10 -10 -10 -9 -8 -8 -8 -8 -7 -7 -7 -7 -6 -6 -5 -5 -4 -4 -4 -4 -3 -3 -2 -1 -------- Run | Scr Mat Min Exi Min Mat Gar Mat Gar Fac Gar Fac Gar Fac Gar Fac Gar Fac Gar Fac Gar Res Gar Res Acc Damage Taken 26356 | . 601 . . 117 99 1782 1489 212 482 352 973 404 163 717 1668 1063 502 1648 816 483 251 643 4037 7854 Core 4266 | . 73 . . 27 . 382 132 34 86 92 234 60 27 75 268 192 62 69 . . 25 77 1114 1237 Absorbed by Shields 95 | . . . . . . 95 . . . . . . . . . . . . . . . . . . Core Remaining (%) 55 | 100 . . . 60 . . . . . . . 32 . 88 . 54 . . . 88 . 92 23 22 Volleys Fired 969 | 5 36 . . 8 6 107 77 8 26 72 48 55 . 44 68 40 23 48 47 31 24 50 33 113 Largest 2 | 2 2 . . 2 2 2 2 2 2 2 2 2 . 2 2 2 1 2 2 1 1 1 2 2 Hottest 180 | 60 60 . . 100 123 86 143 143 160 160 160 128 . 180 120 138 40 66 68 40 40 49 66 150 Shots Fired 1397 | 10 72 . . 11 11 201 136 10 46 86 69 59 . 62 95 56 23 52 58 32 24 50 38 196 Gun 759 | 10 72 . . 6 8 183 45 . . 37 29 17 . 12 28 32 2 33 31 16 10 2 11 175 Cannon 279 | . . . . . . 18 87 3 46 6 19 5 . 38 43 6 . . . . . . . 8 Launcher 67 | . . . . . . . 4 7 . . 4 13 . 1 . . 10 4 4 . . 12 8 . Special 292 | . . . . 5 3 . . . . 43 17 24 . 11 24 18 11 15 23 16 14 36 19 13 Kinetic 684 | 5 61 . . 6 8 183 61 . 13 1 19 5 . 12 28 10 2 33 31 16 10 2 11 167 Thermal 258 | 5 11 . . 5 3 . 16 1 25 37 29 17 . 38 43 28 . . . . . . . . Explosive 11 | . . . . . . . 4 7 . . . . . . . . . . . . . . . . Electromagnetic 160 | . . . . . . 18 55 2 8 5 4 13 . 1 . . 10 4 4 . . 12 8 16 Robot Hit Streak 19 | 1 8 . . 4 2 15 19 3 19 15 13 15 . 6 8 6 7 11 6 7 8 7 8 10 Robot Miss Streak 5 | 3 4 . . 1 4 4 4 1 2 4 3 3 . 2 3 2 2 2 3 2 2 2 5 3 Penetration Max 1 | . . . . . . . . . . . . . . . . . 1 . 1 . . . . 1 Secondary Targets 10 | . . . . . . 7 . . . 1 . . . . . . . . 1 . . . . 1 Max Gunslinging Chain 1 | . . . . . . 1 . . . 1 . . . . . . . . 1 . . . . 1 Shots Hit Robots 1099 | 4 47 . . 3 2 142 111 7 31 53 61 34 . 35 74 50 17 46 45 28 17 60 41 191 Core Hits 423 | . 16 . . 2 1 51 59 14 12 11 19 13 . 12 26 12 11 13 22 6 1 25 21 76 Critical Hits 54 | . . . . . . 3 . . 5 5 2 1 . 2 1 1 1 3 5 2 . 2 2 19 Critical Kills 22 | . . . . . . . . . 1 2 1 . . 1 1 . . . 3 . . 1 1 11 Critical Parts Destroyed 30 | . . . . . . 3 . . 4 3 1 1 . 1 . 1 1 2 2 1 . 1 1 8 Melee Attacks 297 | . . . . . . . 21 . 1 . 33 . . . 32 13 5 15 12 15 11 32 28 79 Impact . | . . . . . . . . . . . . . . . . . . . . . . . . . Slashing 128 | . . . . . . . . . 1 . 33 . . . 32 13 5 15 12 15 2 . . . Piercing 148 | . . . . . . . . . . . . . . . . . . . . . 9 32 28 79 Sneak Attacks 42 | . . . . . . . 4 . . . 6 . . . 12 . 1 1 4 . . . 1 13 Combat Hostiles 3 | . . . . . . . . . . . 1 . . . 1 . . . . . . . 1 . Follow-up Attacks 4 | . . . . . . . . . . . . . . . . . . . . . . . . 4 Damage Inflicted 33065 | 45 487 . . 27 28 2265 2865 691 845 555 1940 804 . 976 3465 1474 619 1179 1558 958 231 3259 1197 7597 Guns 10253 | 45 487 . . 27 28 1870 547 . . 533 542 216 . 89 517 451 77 534 664 103 231 . 192 3100 Cannons 5734 | . . . . . . 395 1540 25 845 22 400 88 . 819 1341 76 . . . . . . . 183 Explosions 4754 | . . . . . . . 778 666 . . 217 500 . 68 257 . 437 172 449 . . 896 314 . Melee 12315 | . . . . . . . . . . . 781 . . . 1350 947 105 473 445 855 . 2363 691 4305 Ramming 9 | . . . . . . . . . . . . . . . . . . . . . . . . 9 Kinetic 9555 | 34 411 . . 27 28 1870 897 . 251 . 400 88 . 89 517 150 77 534 664 103 231 . 192 2992 Thermal 5258 | 11 76 . . . . . 480 . 427 533 542 332 . 819 1598 377 30 33 . . . . . . Explosive 1273 | . . . . . . . 524 666 . . . . . . . . . . 83 . . . . . Electromagnetic 4655 | . . . . . . 395 964 25 167 22 217 384 . 68 . . 407 139 366 . . 896 314 291 Impact . | . . . . . . . . . . . . . . . . . . . . . . . . . Slashing 4956 | . . . . . . . . . . . 781 . . . 1350 947 105 473 445 855 . . . . Piercing 7359 | . . . . . . . . . . . . . . . . . . . . . . 2363 691 4305 Highest Corruption 37 | . . . . . . . . . 3 3 4 4 3 3 17 17 . 1 5 6 . . 16 37 Average Corruption 6 | . . . . . . . . . 1 3 3 4 3 3 4 17 . 1 2 5 . . 10 18 Corruption Purged . | . . . . . . . . . . . . . . . . . . . . . . . . . Effects 394 | . . . . . . . . . 3 23 25 21 5 18 19 89 . 4 9 29 . . 32 117 Message Errors 74 | . . . . . . . . . . 5 6 6 2 5 3 18 . . . 5 . . 6 18 Matter Fused 78 | . . . . . . . . . 1 5 5 5 1 6 2 20 . . 3 4 . . 6 20 Heat Flow Errors 34 | . . . . . . . . . 1 1 3 2 . 1 4 9 . . 1 3 . . 1 8 Energy Discharges 48 | . . . . . . . . . . 6 2 3 2 3 1 6 . 3 1 3 . . 5 13 Parts Rejected 2 | . . . . . . . . . . . . . . . . . . . 1 . . . . 1 Data Loss (minor) 45 | . . . . . . . . . . 4 4 3 . . 2 13 . 1 1 7 . . 4 6 Data Loss (major) 9 | . . . . . . . . . . . . . . . 1 2 . . 1 3 . . 1 1 Misfires 3 | . . . . . . . . . . . . . . . . 1 . . . 2 . . . . Alerts 2 | . . . . . . . . . . . . . . . . . . . . . . . . 2 Misdirections 24 | . . . . . . . . . . . . . . . . 5 . . . . . . 2 17 Targeting Errors 68 | . . . . . . . . . 1 1 4 1 . 1 6 14 . . 1 1 . . 7 31 Weapon Failures 7 | . . . . . . . . . . 1 1 1 . 2 . 1 . . . 1 . . . . Overload Shots . | . . . . . . . . . . . . . . . . . . . . . . . . . Overflow Damage 1923 | . . . . . . 20 59 16 . . 378 . . 14 472 80 38 65 40 11 . 171 43 516 Projectiles 130 | . . . . . . 20 21 . . . . . . 14 75 . . . . . . . . . Explosions 182 | . . . . . . . 38 16 . . 12 . . . 31 . 38 17 . . . 10 20 . Melee 1611 | . . . . . . . . . . . 366 . . . 366 80 . 48 40 11 . 161 23 516 Knockbacks 18 | . . . . . . . 8 . 3 . 6 1 . . . . . . . . . . . . Impact . | . . . . . . . . . . . . . . . . . . . . . . . . . Kinetic 18 | . . . . . . . 8 . 3 . 6 1 . . . . . . . . . . . . Secondary . | . . . . . . . . . . . . . . . . . . . . . . . . . Self-Inflicted Damage 175 | . . . . . . . 25 . . . . 7 . . . . 37 17 5 . . 4 76 4 Shots 15 | . . . . . . . 1 . . . . 1 . . . . 3 4 1 . . 2 3 . Rammed 1 | . . . . . . . . . . . . . . . . . . . . . . . . 1 Targets Rammed 1 | . . . . . . . . . . . . . . . . . . . . . . . . 1 Kicked . | . . . . . . . . . . . . . . . . . . . . . . . . . Crushed . | . . . . . . . . . . . . . . . . . . . . . . . . . Highest Temperature 498 | . 34 . . 60 33 240 279 237 199 498 330 261 . 308 196 226 20 44 274 191 39 28 123 230 Average Temperature 79 | . 12 . . 26 13 107 101 132 78 88 125 64 . 86 79 87 6 16 53 45 16 8 32 79 Received Heat Transfer 4509 | . 342 . . . . 558 693 117 132 117 258 162 . 204 189 252 132 198 72 78 18 96 360 531 Effects 7 | . . . . . . . . . . 4 2 . . 1 . . . . . . . . . . Shutdowns 2 | . . . . . . . . . . 2 . . . . . . . . . . . . . . Energy Bleed 1 | . . . . . . . . . . . . . . 1 . . . . . . . . . . Interference 4 | . . . . . . . . . . 2 2 . . . . . . . . . . . . . Siege Activations . | . . . . . . . . . . . . . . . . . . . . . . . . . Robots Corrupted 12 | . . . . . . 2 1 . . . 1 1 . . . . 1 1 1 . . 3 1 . Combat Hostiles 10 | . . . . . . . 1 . . . 1 1 . . . . 1 1 1 . . 3 1 . Parts Fried 23 | . . . . . . 2 2 . . . 1 2 . . 1 . 4 1 . . . 8 2 . Impact Corruptions . | . . . . . . . . . . . . . . . . . . . . . . . . . Robots Melted . | . . . . . . . . . . . . . . . . . . . . . . . . . Combat Hostiles . | . . . . . . . . . . . . . . . . . . . . . . . . . Parts Melted 8 | . . . . . . . . . 4 . 2 1 . 1 . . . . . . . . . . Heat Transferred 6739 | 25 175 . . . . . 650 . 750 814 925 433 . 1250 975 642 50 50 . . . . . . Parts Sabotaged 2 | . . . . . . . . . . . . . . . . . . . . . . . 2 . Parts Stolen . | . . . . . . . . . . . . . . . . . . . . . . . . . Parts Stripped . | . . . . . . . . . . . . . . . . . . . . . . . . . Power Chain Reactions 11 | . . . . . . . 5 . . . . 3 . . . . 1 1 . . . . 1 . Missiles Intercepted . | . . . . . . . . . . . . . . . . . . . . . . . . . Alert | -11 -10 -10 -10 -9 -8 -8 -8 -8 -7 -7 -7 -7 -6 -6 -5 -5 -4 -4 -4 -4 -3 -3 -2 -1 ------- Run | Scr Mat Min Exi Min Mat Gar Mat Gar Fac Gar Fac Gar Fac Gar Fac Gar Fac Gar Fac Gar Res Gar Res Acc Peak Influence 890 | . 135 5 . 10 36 853 469 319 307 406 531 678 360 339 707 645 422 617 509 890 538 750 604 487 Average Influence 332 | . 52 5 . 5 11 490 262 282 176 240 242 529 353 261 223 540 198 419 236 484 460 565 380 254 Maximum Alert Level 3 | . . . . . . 3 2 1 1 2 2 2 1 1 3 2 2 2 2 3 2 3 2 2 Low Security (%) 30 | 100 100 100 . 100 100 12 37 2 67 42 57 . . 18 40 . 66 13 58 14 . . 4 35 Level 1 29 | . . . . . . 28 36 97 32 49 10 7 100 81 49 . 23 12 27 24 26 3 46 50 Level 2 36 | . . . . . . 34 26 . . 7 31 92 . . 8 100 10 74 13 40 73 85 49 13 Level 3 3 | . . . . . . 24 . . . . . . . . 2 . . . . 20 . 10 . . Level 4 . | . . . . . . . . . . . . . . . . . . . . . . . . . Level 5 . | . . . . . . . . . . . . . . . . . . . . . . . . . High Security . | . . . . . . . . . . . . . . . . . . . . . . . . . Max Security . | . . . . . . . . . . . . . . . . . . . . . . . . . Squads Dispatched 50 | . . . . . . . 7 . 4 . 11 . . . 5 . 4 . 5 . 3 . 7 4 Investigation 5 | . . . . . . . 1 . . . 1 . . . 1 . 1 . 1 . . . . . Extermination 17 | . . . . . . . . . 3 . 2 . . . 3 . 1 . 1 . 1 . 2 4 Reinforcement 10 | . . . . . . . 5 . 1 . 1 . . . 1 . . . 2 . . . . . Assault 4 | . . . . . . . . . . . 1 . . . . . . . 1 . . . 2 . Garrison 14 | . . . . . . . 1 . . . 6 . . . . . 2 . . . 2 . 3 . Intercept . | . . . . . . . . . . . . . . . . . . . . . . . . . Construction Impeded 3 | . . . . . . . 2 . . . . . . . . . . . 1 . . . . . Haulers Reinforced 2 | . . . . . . . . . . . . . . . 1 . . . 1 . . . . . Stealth | -11 -10 -10 -10 -9 -8 -8 -8 -8 -7 -7 -7 -7 -6 -6 -5 -5 -4 -4 -4 -4 -3 -3 -2 -1 --------- Run | Scr Mat Min Exi Min Mat Gar Mat Gar Fac Gar Fac Gar Fac Gar Fac Gar Fac Gar Fac Gar Res Gar Res Acc Distress Signals 10 | . 2 . . . . . 2 . . . . . . . 3 . 1 . 1 . . . 1 . Communications Jammed 17 | . . . . . . . . . . . . . . . 1 . 3 . 3 . 6 . 3 1 Distress Signals 14 | . . . . . . . . . . . . . . . 1 . 2 . 3 . 4 . 3 1 Times Spotted 562 | . 14 . . 15 4 36 53 5 10 29 28 36 2 17 43 25 19 18 27 27 16 36 36 66 Peak Tracking Total 14 | . 4 . . 14 3 8 8 7 3 4 4 6 2 6 5 10 6 5 5 5 4 5 6 5 Tactical Retreats 42 | . 2 . . 2 . 7 1 1 1 1 1 2 . 2 2 5 1 1 . 2 1 2 3 5 Traps | -11 -10 -10 -10 -9 -8 -8 -8 -8 -7 -7 -7 -7 -6 -6 -5 -5 -4 -4 -4 -4 -3 -3 -2 -1 ------- Run | Scr Mat Min Exi Min Mat Gar Mat Gar Fac Gar Fac Gar Fac Gar Fac Gar Fac Gar Fac Gar Res Gar Res Acc Traps Triggered 67 | . . . . . . 13 3 2 . 8 1 9 1 5 1 8 1 4 . 1 2 6 2 . Indirectly 7 | . . . . . . . . . . . . 1 . . . . . . . . . 4 2 . Trap Hack Attempts . | . . . . . . . . . . . . . . . . . . . . . . . . . Triggered . | . . . . . . . . . . . . . . . . . . . . . . . . . Disarmed 3 | . . . . . 3 . . . . . . . . . . . . . . . . . . . Reprogrammed . | . . . . . . . . . . . . . . . . . . . . . . . . . Reused . | . . . . . . . . . . . . . . . . . . . . . . . . . Traps Extracted . | . . . . . . . . . . . . . . . . . . . . . . . . . Installed . | . . . . . . . . . . . . . . . . . . . . . . . . . Triggered 2 | . . . . . . . . . . . 1 . . . 1 . . . . . . . . . Exploded 3 | . . . . . 2 1 . . . . . . . . . . . . . . . . . . Machines | -11 -10 -10 -10 -9 -8 -8 -8 -8 -7 -7 -7 -7 -6 -6 -5 -5 -4 -4 -4 -4 -3 -3 -2 -1 ---------- Run | Scr Mat Min Exi Min Mat Gar Mat Gar Fac Gar Fac Gar Fac Gar Fac Gar Fac Gar Fac Gar Res Gar Res Acc Machines Disabled 65 | . . . . . . 4 1 . 1 4 3 4 . 5 15 3 3 7 3 6 . 5 . 1 Max in Single Turn 9 | . . . . . . 1 1 . 1 1 . 1 . 1 9 1 . 1 1 1 . 1 . 1 Garrison Access 2 | . . . . . . . . . . . 1 . . . . . . . . . . . . 1 Garrison Relay 28 | . . . . . . 4 . . . 4 . 3 . 3 . 3 . 4 . 3 . 4 . . Energy Cycler 2 | . . . . . . . . . . . . . . . . . . . . . . . . 2 Machines Sabotaged . | . . . . . . . . . . . . . . . . . . . . . . . . . Garrisons Compromised . | . . . . . . . . . . . . . . . . . . . . . . . . . Overloaded Fab Kills 1 | . . . . . . . . . . . . . . . 1 . . . . . . . . . Fab Network Shutdowns . | . . . . . . . . . . . . . . . . . . . . . . . . . Hacking | -11 -10 -10 -10 -9 -8 -8 -8 -8 -7 -7 -7 -7 -6 -6 -5 -5 -4 -4 -4 -4 -3 -3 -2 -1 --------- Run | Scr Mat Min Exi Min Mat Gar Mat Gar Fac Gar Fac Gar Fac Gar Fac Gar Fac Gar Fac Gar Res Gar Res Acc Machines Accessed 54 | . 3 . 1 . 6 . 7 . 7 . 7 . 1 . 6 . 3 . 3 . 4 . 2 4 Terminals 33 | . 3 . . . 4 . 6 . 4 . 5 . . . 3 . 1 . 1 . 1 . 2 3 Fabricators 5 | . . . . . . . . . 1 . . . . . 1 . 1 . 1 . 1 . . . Repair Stations . | . . . . . . . . . . . . . . . . . . . . . . . . . Recycling Units 3 | . . . . . 1 . . . 1 . . . . . . . . . . . 1 . . . Scanalyzers 1 | . . . . . . . . . . . . . . . 1 . . . . . . . . . Garrison Access 11 | . . . . . 1 . 1 . 1 . 2 . 1 . 1 . 1 . 1 . 1 . . 1 Total Hacks 122 | . 5 . 1 . 21 . 19 . 17 . 15 . 1 . 12 . 7 . 9 . 6 . 2 7 Successful 67 | . 2 . 1 . 13 . 15 . 8 . 8 . 1 . 7 . 4 . 4 . 1 . . 3 Failed 55 | . 3 . . . 8 . 4 . 9 . 7 . . . 5 . 3 . 5 . 5 . 2 4 Catastrophic 12 | . . . . . . . 1 . 1 . . . . . 2 . . . 2 . 2 . 2 2 Database Lockouts . | . . . . . . . . . . . . . . . . . . . . . . . . . Manual 69 | . 5 . . . 6 . 12 . 11 . 12 . . . 8 . 2 . 6 . . . 2 5 Terminals 84 | . 5 . . . 16 . 17 . 10 . 13 . . . 7 . 2 . 6 . 2 . 2 4 Fabricators 14 | . . . . . . . . . 5 . . . . . 1 . 4 . 2 . 2 . . . Repair Stations . | . . . . . . . . . . . . . . . . . . . . . . . . . Recycling Units 5 | . . . . . 3 . . . 1 . . . . . . . . . . . 1 . . . Scanalyzers 3 | . . . . . . . . . . . . . . . 3 . . . . . . . . . Garrison Access 15 | . . . . . 2 . 2 . 1 . 2 . 1 . 1 . 1 . 1 . 1 . . 3 Terminal Hacks 22 | . 2 . 1 . 7 . 7 . 2 . 1 . . . . . 1 . 1 . . . . . Record 1 | . . . 1 . . . . . . . . . . . . . . . . . . . . . Part Schematic 3 | . . . . . . . . . 1 . . . . . . . 1 . 1 . . . . . Prototype ID Bank 1 | . . . . . 1 . . . . . . . . . . . . . . . . . . . Terminal Index 1 | . . . . . 1 . . . . . . . . . . . . . . . . . . . Fabricator Index 1 | . . . . . . . . . 1 . . . . . . . . . . . . . . . Unreport Threat 3 | . . . . . 1 . 2 . . . . . . . . . . . . . . . . . Locate Traps 2 | . . . . . 1 . 1 . . . . . . . . . . . . . . . . . Disarm Traps 1 | . . . . . 1 . . . . . . . . . . . . . . . . . . . Hauler Manifests 1 | . . . . . . . 1 . . . . . . . . . . . . . . . . . Registered Components 2 | . 2 . . . . . . . . . . . . . . . . . . . . . . . Zone Layout 6 | . . . . . 2 . 3 . . . 1 . . . . . . . . . . . . . Fabricator Hacks 4 | . . . . . . . . . 2 . . . . . . . 2 . . . . . . . Load Schematic 2 | . . . . . . . . . 1 . . . . . . . 1 . . . . . . . Build 2 | . . . . . . . . . 1 . . . . . . . 1 . . . . . . . Repair Station Hacks . | . . . . . . . . . . . . . . . . . . . . . . . . . Recycling Unit Hacks 3 | . . . . . 2 . . . 1 . . . . . . . . . . . . . . . Report Inventory 1 | . . . . . . . . . 1 . . . . . . . . . . . . . . . Retrieve Components 2 | . . . . . 2 . . . . . . . . . . . . . . . . . . . Scanalyzer 1 | . . . . . . . . . . . . . . . 1 . . . . . . . . . Insert Component 1 | . . . . . . . . . . . . . . . 1 . . . . . . . . . Garrison Access Hacks 12 | . . . . . 1 . 1 . 1 . 2 . 1 . 1 . 1 . 1 . 1 . . 2 Unlock Access 10 | . . . . . 1 . 1 . 1 . 2 . 1 . 1 . 1 . 1 . 1 . . . Seal Access 1 | . . . . . . . . . . . . . . . . . . . . . . . . 1 Coupler Status 1 | . . . . . . . . . . . . . . . . . . . . . . . . 1 Unauthorized Hacks 25 | . . . . . 3 . 7 . 2 . 5 . . . 5 . . . 2 . . . . 1 Terminals 23 | . . . . . 3 . 6 . 2 . 5 . . . 4 . . . 2 . . . . 1 Track 6 | . . . . . . . 2 . . . 2 . . . 1 . . . 1 . . . . . Botnet 16 | . . . . . 3 . 4 . 2 . 3 . . . 3 . . . . . . . . 1 Disrupt 1 | . . . . . . . . . . . . . . . . . . . 1 . . . . . Fabricators 1 | . . . . . . . . . . . . . . . 1 . . . . . . . . . Overload 1 | . . . . . . . . . . . . . . . 1 . . . . . . . . . Repair Stations . | . . . . . . . . . . . . . . . . . . . . . . . . . Recycling Units . | . . . . . . . . . . . . . . . . . . . . . . . . . Scanalyzers . | . . . . . . . . . . . . . . . . . . . . . . . . . Garrison Access 1 | . . . . . . . 1 . . . . . . . . . . . . . . . . . Reprogram 1 | . . . . . . . 1 . . . . . . . . . . . . . . . . . Data Cores Recovered . | . . . . . . . . . . . . . . . . . . . . . . . . . Used . | . . . . . . . . . . . . . . . . . . . . . . . . . Hacking Detections 43 | . 3 . . . 5 . 5 . 6 . 5 . . . 4 . 2 . 3 . 4 . 2 4 Full Trace Events 3 | . . . . . . . . . . . 1 . . . . . 1 . 1 . . . . . Feedback Events . | . . . . . . . . . . . . . . . . . . . . . . . . . Feedback Blocked . | . . . . . . . . . . . . . . . . . . . . . . . . . Robot Schematics Acquired . | . . . . . . . . . . . . . . . . . . . . . . . . . Robots Built . | . . . . . . . . . . . . . . . . . . . . . . . . . Matter . | . . . . . . . . . . . . . . . . . . . . . . . . . Time . | . . . . . . . . . . . . . . . . . . . . . . . . . Total Robot Build Rating . | . . . . . . . . . . . . . . . . . . . . . . . . . Part Schematics Acquired 3 | . . . . . . . . . 1 . . . . . . . 1 . 1 . . . . . Parts Built 2 | . . . . . . . . . 1 . . . . . . . 1 . . . . . . . Matter 270 | . . . . . . . . . 168 . . . . . . . 102 . . . . . . . Time 67 | . . . . . . . . . 42 . . . . . . . 25 . . . . . . . Total Part Build Rating 5 | . . . . . . . . . 4 . . . . . . . 1 . . . . . . . Parts Repaired . | . . . . . . . . . . . . . . . . . . . . . . . . . Time . | . . . . . . . . . . . . . . . . . . . . . . . . . Parts Recycled . | . . . . . . . . . . . . . . . . . . . . . . . . . Recycled Matter . | . . . . . . . . . . . . . . . . . . . . . . . . . Retrieved Matter . | . . . . . . . . . . . . . . . . . . . . . . . . . Retrieved Components 1 | . . . . . 1 . . . . . . . . . . . . . . . . . . . Parts Scanalyzed . | . . . . . . . . . . . . . . . . . . . . . . . . . Part Schematics Acquired . | . . . . . . . . . . . . . . . . . . . . . . . . . Parts Damaged . | . . . . . . . . . . . . . . . . . . . . . . . . . Bothacking | -11 -10 -10 -10 -9 -8 -8 -8 -8 -7 -7 -7 -7 -6 -6 -5 -5 -4 -4 -4 -4 -3 -3 -2 -1 ------------ Run | Scr Mat Min Exi Min Mat Gar Mat Gar Fac Gar Fac Gar Fac Gar Fac Gar Fac Gar Fac Gar Res Gar Res Acc Used RIF Installer 8 | . . . . . . 1 . . . 1 . 1 . 1 . 1 . 1 . 1 . 1 . . Coupler Efficiency 1 | . . . . . . . . . . . . . . . . . . . . . . 1 . . Hotswap 1 | . . . . . . . . . . . . . . . . . . . . 1 . . . . Signal Jammer 1 | . . . . . . . . . . . . . . 1 . . . . . . . . . . Patrol Navigation 1 | . . . . . . . . . . . . 1 . . . . . . . . . . . . Watcher Feeds 1 | . . . . . . . . . . 1 . . . . . . . . . . . . . . Program Shield 1 | . . . . . . . . . . . . . . . . 1 . . . . . . . . Autooverride 1 | . . . . . . . . . . . . . . . . . . 1 . . . . . . Robots Hacked 185 | . . . . . . . 10 . . 13 10 17 . 8 15 15 7 8 13 13 13 21 11 11 Non-combat 20 | . . . . . . . 2 . . . 3 . . . 3 . 3 . 4 . 2 . . 3 Combat 165 | . . . . . . . 8 . . 13 7 17 . 8 12 15 4 8 9 13 11 21 11 8 Autooverrided 15 | . . . . . . . . . . . . . . . . . . 1 1 3 5 3 1 1 Robot Hacks Applied 188 | . . . . . . . 12 . . 13 11 17 . 8 15 15 9 9 17 11 9 21 10 11 start_evac 1 | . . . . . . . . . . . . . . . . . 1 . . . . . . . map_walls 1 | . . . . . . . . . . . 1 . . . . . . . . . . . . . drop_inventory 8 | . . . . . . . . . . . . . . . 2 . 1 . 2 . 2 . . 1 deconstruct_bot 1 | . . . . . . . . . . . 1 . . . . . . . . . . . . . purge_threat 8 | . . . . . . . 2 . . . . . . . . . 2 . 3 . . . . 1 locate_traps 1 | . . . . . . . 1 . . . . . . . . . . . . . . . . . block_reporting 1 | . . . . . . . . . . . . . . . . . . . . . . . . 1 summon_haulers 2 | . . . . . . . . . . . . . . . . . 1 . 1 . . . . . recall_investigation 1 | . . . . . . . . . . . . . . . . . . . 1 . . . . . map_route 1 | . . . . . . . 1 . . . . . . . . . . . . . . . . . scatter_targeting 3 | . . . . . . . . . . . . 1 . . . . . . . . . 2 . . disrupt_area 2 | . . . . . . . . . . . . . . . . . . . . . . . 2 . overload_power 5 | . . . . . . . . . . . . 2 . . 1 . 1 . 1 . . . . . amplify_resonance 5 | . . . . . . . . . . . 1 . . . 1 2 . . . . . . . 1 wipe_record 2 | . . . . . . . . . . . . . . . . 1 . 1 . . . . . . reboot_system 9 | . . . . . . . 1 . . 2 . 1 . 1 1 2 . . . . 1 . . . overwrite_iff 52 | . . . . . . . 1 . . 4 3 9 . 3 3 5 2 3 2 . 2 4 5 6 streamctrl_high 3 | . . . . . . . 3 . . . . . . . . . . . . . . . . . formatsys_low 3 | . . . . . . . . . . . 1 . . . 1 . . . 1 . . . . . formatsys_high 79 | . . . . . . . 3 . . 7 4 4 . 4 6 5 1 5 6 11 4 15 3 1 Relay Couplers Released 117 | . . . . . . 13 . . . 15 1 11 . 11 . 14 . 19 . 12 . 18 . 3 Machine Destruction 114 | . . . . . . 13 . . . 15 1 11 . 11 . 14 . 19 . 12 . 18 . . Programmers 3 | . . . . . . . . . . . . . . . . . . . . . . . . 3 Attached 67 | . . . . . . . 6 . . 5 5 5 . 4 8 7 3 6 6 3 1 2 4 2 Robots Rewired 9 | . . . . . . . . . . 9 . . . . . . . . . . . . . . Allies Hacked 1 | . . . . . . . . . . . 1 . . . . . . . . . . . . . Hacks Repelled . | . . . . . . . . . . . . . . . . . . . . . . . . . Allies | -11 -10 -10 -10 -9 -8 -8 -8 -8 -7 -7 -7 -7 -6 -6 -5 -5 -4 -4 -4 -4 -3 -3 -2 -1 -------- Run | Scr Mat Min Exi Min Mat Gar Mat Gar Fac Gar Fac Gar Fac Gar Fac Gar Fac Gar Fac Gar Res Gar Res Acc Total Allies 155 | . . . . . . . 8 . . 20 8 13 . 7 10 10 3 8 10 13 10 19 9 7 Largest Group 13 | . . . . . . . 1 1 . 9 4 4 . 2 3 3 4 3 6 11 13 6 6 2 Highest-Rated Group 581 | . . . . . . . 21 15 . 210 99 85 . 64 127 107 163 161 276 441 581 210 210 116 Highest-Rated Ally 115 | . . . . . . . 21 15 . 32 32 32 . 41 49 49 56 115 58 58 64 64 69 58 Total Orders 92 | . . . . . . . . . . 5 1 . 1 . 2 13 7 8 3 18 6 13 8 7 STAY 39 | . . . . . . . . . . 3 . . . . 1 6 4 4 1 6 3 6 3 2 ROAM 32 | . . . . . . . . . . 2 . . . . . 5 3 3 1 9 3 4 2 . GUARD 5 | . . . . . . . . . . . 1 . . . . . . . 1 3 . . . . COLLECT 11 | . . . . . . . . . . . . . 1 . 1 1 . 1 . . . 3 1 3 EXPLORE 5 | . . . . . . . . . . . . . . . . 1 . . . . . . 2 2 Ally Attacks 784 | . . . . . . . 21 . . 80 49 48 . 20 78 30 28 21 39 101 117 69 63 20 Total Damage 22349 | . . . . . . . 343 . . 1889 1500 1020 . 466 2480 618 847 1305 1251 2933 3364 1523 2141 669 Kills 141 | . . . . . . . 3 . . 16 14 9 . 3 17 4 5 8 7 17 18 7 9 4 Allies Corrupted 12 | . . . . . . . . . . . 1 . . . . . . . 1 . 4 . 4 2 Allies Melted . | . . . . . . . . . . . . . . . . . . . . . . . . . Intel | -11 -10 -10 -10 -9 -8 -8 -8 -8 -7 -7 -7 -7 -6 -6 -5 -5 -4 -4 -4 -4 -3 -3 -2 -1 ------- Run | Scr Mat Min Exi Min Mat Gar Mat Gar Fac Gar Fac Gar Fac Gar Fac Gar Fac Gar Fac Gar Res Gar Res Acc Robot Analysis Total . | . . . . . . . . . . . . . . . . . . . . . . . . . Derelict Logs Recovered 1 | . . . . 1 . . . . . . . . . . . . . . . . . . . . Drone Launches 14 | . . . . . . . . . . . . . 1 . 1 2 . 1 . . . 3 2 4 Drone Recoveries 7 | . . . . . . . . . . . . . . . . 1 . . . . . 2 2 2 Exploration | -11 -10 -10 -10 -9 -8 -8 -8 -8 -7 -7 -7 -7 -6 -6 -5 -5 -4 -4 -4 -4 -3 -3 -2 -1 ------------- Run | Scr Mat Min Exi Min Mat Gar Mat Gar Fac Gar Fac Gar Fac Gar Fac Gar Fac Gar Fac Gar Res Gar Res Acc Turns Passed 24408 | 69 619 336 262 328 289 1450 1902 306 918 1423 1385 1373 400 901 1790 1548 542 1486 784 1092 748 1426 1192 1839 Spaces Moved 12916 | 35 364 331 257 291 242 745 947 135 561 702 803 654 275 433 823 583 276 608 380 557 404 669 663 1178 Core 142 | 8 . . . . . . . . . . . . . . . . . . . . . . 35 99 Treads 883 | . 105 . . . . . 281 135 74 . . . . . . . . . . . . . . 288 Legs 1566 | 27 54 . . . . 325 . . . . . . . . 580 203 . . . . . . 145 232 Wheels 9765 | . 205 331 257 291 242 420 666 . 487 702 803 654 275 433 243 380 276 608 380 557 404 669 482 . Hover 560 | . . . . . . . . . . . . . . . . . . . . . . . 1 559 Flight . | . . . . . . . . . . . . . . . . . . . . . . . . . Fastest Speed 43 | 50 90 100 100 100 100 110 110 205 120 130 130 130 130 130 130 150 150 150 150 150 150 150 50 43 Average Speed 138 | 104 124 100 100 100 104 133 146 208 135 134 132 138 139 139 168 196 154 152 150 150 155 155 142 91 Slowest Speed 800 | 120 200 100 100 100 110 240 250 210 210 140 140 190 140 200 180 270 160 160 150 160 160 220 210 800 Overloaded Moves . | . . . . . . . . . . . . . . . . . . . . . . . . . Propulsion Burnouts . | . . . . . . . . . . . . . . . . . . . . . . . . . Robots Hopped . | . . . . . . . . . . . . . . . . . . . . . . . . . Cave-ins Triggered . | . . . . . . . . . . . . . . . . . . . . . . . . . Exploration Rate (%) 44 | 4 71 56 64 46 21 74 86 33 17 76 28 69 6 57 32 72 13 77 18 57 13 69 15 36 Regions Visited 24 Branch Regions 3 Pre-discovered Areas 3 | . . 1 1 1 . . . . . . . . . . . . . . . . . . . . Known Exits Taken 10 | . . . . . 1 . 1 . 1 . 1 . 1 . 1 . 1 . 1 . 1 . 1 . Unknown Exits Taken 5 | 1 1 1 1 1 . . . . . . . . . . . . . . . . . . . . Scrap Searched 2 | . . 1 . 1 . . . . . . . . . . . . . . . . . . . . Spaces Dug 108 | . . . . 5 3 . 2 . 2 . 22 . . . 23 . 3 12 8 . 6 . 5 17 Terrain Destroyed 282 | . . . . 5 3 . 58 16 3 . 24 4 . 3 72 3 8 15 18 1 6 . 6 37 Melee 81 | . . . . . . . . . 1 . 22 . . . 19 . 3 . 8 . 6 . 5 17 Projectile 71 | . . . . 5 3 . 14 . 2 . 2 . . 3 29 3 . 3 5 1 . . 1 . AOE 130 | . . . . . . . 44 16 . . . 4 . . 24 . 5 12 5 . . . . 20 Actions | -11 -10 -10 -10 -9 -8 -8 -8 -8 -7 -7 -7 -7 -6 -6 -5 -5 -4 -4 -4 -4 -3 -3 -2 -1 --------- Run | Scr Mat Min Exi Min Mat Gar Mat Gar Fac Gar Fac Gar Fac Gar Fac Gar Fac Gar Fac Gar Res Gar Res Acc Total 17652 | 54 466 336 262 307 261 1030 1306 149 671 1116 997 1068 292 665 1066 916 363 1099 528 769 488 969 830 1644 Wait 2010 | . 32 6 . 6 2 41 148 1 39 185 78 268 6 94 87 153 33 337 48 117 14 156 47 112 Move 12894 | 34 363 330 256 290 241 744 946 134 560 701 802 653 275 432 823 582 275 607 379 556 404 668 662 1177 Hop . | . . . . . . . . . . . . . . . . . . . . . . . . . Pick Up 276 | 6 10 . 6 1 3 27 22 . 10 18 4 14 3 12 13 17 3 20 10 15 2 15 13 32 Fast Attach 153 | 6 6 . . . 1 7 13 . 6 4 1 . 3 2 6 11 5 2 2 1 4 3 14 56 Attach 148 | 1 5 . . . 1 9 18 . 2 3 6 6 1 7 10 9 4 11 8 3 . 4 16 24 Detach 55 | 1 4 . . . . 1 9 . 3 3 4 . . 2 2 8 2 5 2 . . 2 4 3 Swap 247 | 1 3 . . 2 4 7 32 2 9 17 18 12 . 16 19 13 8 13 11 9 7 11 6 27 Drop 188 | . 7 . . . 3 12 18 . 15 15 3 3 4 7 6 14 5 8 6 9 6 9 7 31 Fire 969 | 5 36 . . 8 6 107 77 8 26 72 48 55 . 44 68 40 23 48 47 31 24 50 33 113 Melee 286 | . . . . . . . 21 . 1 . 33 . . . 32 13 5 15 12 15 11 32 28 68 Ram . | . . . . . . . . . . . . . . . . . . . . . . . . . Kick 1 | . . . . . . . . . . . . . . . . . . . . . . . . 1 Crush . | . . . . . . . . . . . . . . . . . . . . . . . . . Escape Stasis 389 | . . . . . . 75 . 4 . 78 . 56 . 49 . 55 . 32 . 8 16 16 . . Rewire 36 | . . . . . . . 2 . . 20 . 1 . . . 1 . 1 3 5 . 3 . . Trap . | . . . . . . . . . . . . . . . . . . . . . . . . . Miscellaneous . | . . . . . . . . . . . . . . . . . . . . . . . . . Route ------- -11/Scrapyard -10/Materials (discovered 3 exits: [*Mat] / [*Min x2]) -10/Mines -10/Exiles -9/Mines -8/Materials (discovered 2 exits: *Fac / Gar) -8/Garrison (discovered 3 exits: *Mat x3) -8/Materials (discovered 5 exits: *Fac x3 / [*Sto] / Gar) -8/Garrison -7/Factory (discovered 2 exits: [*Low] / Gar) -7/Garrison (discovered 2 exits: *Fac x2) -7/Factory (discovered 2 exits: *Fac / Gar) -7/Garrison (discovered 2 exits: *Fac x2) -6/Factory -6/Garrison -5/Factory (discovered 2 exits: *Fac / Gar) -5/Garrison (discovered 3 exits: *Fac x3) -4/Factory -4/Garrison (discovered 3 exits: *Fac x3) -4/Factory (discovered 2 exits: [Ext] / Gar) -4/Garrison (discovered 2 exits: *Res x2) -3/Research -3/Garrison (discovered 3 exits: *Res x3) -2/Research -1/Access To Epsilon Eridani History --------- Turn | Location | Event 26 | -11/Scrapyard | Discovered new exit (range 16) 70 | -11/Scrapyard | Entered Materials 124 | -10/Materials | Discovered new exit (range 16) 274 | -10/Materials | Discovered new exit (range 8) 350 | -10/Materials | Build established: Mutant 389 | -10/Materials | Lost 6 parts (2p2n2w) 455 | -10/Materials | Discovered new exit (range 11) 689 | -10/Materials | Entered Mines 694 | -10/Mines | Met a Derelict bent on vengeance 750 | -10/Mines | Deemed a non-threat by the Exiles lab entrance 751 | -10/Mines | Discovered new exit (range 5) 823 | -10/Mines | Learned location of Storage (-8) 1025 | -10/Mines | Entered Exiles 1054 | -10/Exiles | Met 8R-AWN 1070 | -10/Exiles | Met EX-HEX 1109 | -10/Exiles | Met EX-DEC 1127 | -10/Exiles | Learned location of Zion (-7) 1178 | -10/Exiles | Visited The Gauntlet 1274 | -10/Exiles | Discovered new exit (range 14) 1287 | -10/Exiles | Entered Mines 1470 | -9/Mines | Discovered new exit (range 4) 1502 | -9/Mines | Assembled infested the area 1507 | -9/Mines | Assisted by a Guerilla fighting off Assembled 1615 | -9/Mines | Entered Materials 1615 | -8/Materials | Evolved 4 slots: Utility x4 1745 | -8/Materials | Discovered new exit (range 15) 1898 | -8/Materials | Identified exit to Garrison 1904 | -8/Materials | Entered Garrison 1956 | -8/Garrison | Triggered checkpoint 2129 | -8/Garrison | Lost 5 parts (3n1u1w) 2195 | -8/Garrison | Lost 3 parts (1p1n1w) 2299 | -8/Garrison | Discovered new exit (range 10) 2366 | -8/Garrison | Triggered checkpoint 2375 | -8/Garrison | Core integrity fell below 50% 2380 | -8/Garrison | Build established: Scavenger-Mutant 2495 | -8/Garrison | Discovered new exit (range 17) 2529 | -8/Garrison | Installed Relay Interface Framework 2586 | -8/Garrison | Garrison Relay disabled 2720 | -8/Garrison | Triggered checkpoint 2781 | -8/Garrison | Garrison Relay disabled 2942 | -8/Garrison | Discovered new exit (range 10) 2982 | -8/Garrison | Triggered checkpoint 3078 | -8/Garrison | Build established: Bothacker-Mutant 3085 | -8/Garrison | Garrison Relay disabled 3216 | -8/Garrison | Triggered checkpoint 3233 | -8/Garrison | Garrison Relay disabled 3354 | -8/Garrison | Entered Materials 3577 | -8/Materials | Discovered new exit (range 20) 3985 | -8/Materials | Discovered new exit (range 8) 4399 | -8/Materials | Core integrity fell below 20% 4444 | -8/Materials | Lost 5 parts (1p1n1u2w) 4490 | -8/Materials | Destroyed 10 combat bots 4505 | -8/Materials | Discovered new exit (range 9) 4639 | -8/Materials | Discovered new exit (range 16) 5016 | -8/Materials | Identified exit to Garrison 5256 | -8/Materials | Entered Garrison 5256 | -8/Garrison | Accompanied by 1 ally 5344 | -8/Garrison | Triggered checkpoint 5466 | -8/Garrison | Triggered checkpoint 5541 | -8/Garrison | Discovered new exit (range 11) 5562 | -8/Garrison | Entered Factory 5562 | -7/Factory | Evolved 2 slots: Utility x2 5843 | -7/Factory | Discovered new exit (range 9) 6391 | -7/Factory | Fabricated Remote Datajack (x1) 6466 | -7/Factory | Identified exit to Garrison 6480 | -7/Factory | Entered Garrison 6487 | -7/Garrison | Triggered checkpoint 6543 | -7/Garrison | Garrison Relay disabled 6612 | -7/Garrison | Triggered checkpoint 6646 | -7/Garrison | Garrison Relay disabled 7026 | -7/Garrison | Triggered checkpoint 7078 | -7/Garrison | Triggered checkpoint 7131 | -7/Garrison | Discovered new exit (range 12) 7156 | -7/Garrison | Expanded RIF knowledge: Patrol Navigation 7204 | -7/Garrison | Triggered checkpoint 7255 | -7/Garrison | Garrison Relay disabled 7346 | -7/Garrison | Triggered checkpoint 7382 | -7/Garrison | Triggered checkpoint 7659 | -7/Garrison | Discovered new exit (range 12) 7700 | -7/Garrison | Triggered checkpoint 7799 | -7/Garrison | Garrison Relay disabled 7903 | -7/Garrison | Entered Factory 7903 | -7/Factory | Accompanied by 2 allies 8274 | -7/Factory | Discovered new exit (range 5) 8504 | -7/Factory | Garrison activated, responded to threat 8642 | -7/Factory | Garrison activated, responded to threat 8830 | -7/Factory | Identified exit to Garrison 9081 | -7/Factory | Core integrity fell below 50% 9285 | -7/Factory | Identified exit to Garrison 9288 | -7/Factory | Entered Garrison 9288 | -7/Garrison | Accompanied by 1 ally 9369 | -7/Garrison | Triggered checkpoint 9389 | -7/Garrison | Garrison Relay disabled 9490 | -7/Garrison | Triggered checkpoint 9499 | -7/Garrison | Triggered checkpoint 9671 | -7/Garrison | Spotted B-75 Beast 10009 | -7/Garrison | Discovered new exit (range 21) 10046 | -7/Garrison | Expanded RIF knowledge: Watcher Feeds 10086 | -7/Garrison | Triggered checkpoint 10169 | -7/Garrison | Garrison Relay disabled 10243 | -7/Garrison | Triggered checkpoint 10330 | -7/Garrison | Discovered new exit (range 10) 10422 | -7/Garrison | Triggered checkpoint 10462 | -7/Garrison | Garrison Relay disabled 10661 | -7/Garrison | Entered Factory 10661 | -6/Factory | Evolved 2 slots: Utility x2 10975 | -6/Factory | Spotted B-75 Beast 11061 | -6/Factory | Identified exit to Garrison 11061 | -6/Factory | Entered Garrison 11108 | -6/Garrison | Triggered checkpoint 11129 | -6/Garrison | Garrison Relay disabled 11206 | -6/Garrison | Triggered checkpoint 11237 | -6/Garrison | Triggered checkpoint 11349 | -6/Garrison | Discovered new exit (range 12) 11373 | -6/Garrison | Expanded RIF knowledge: Signal Jamming 11409 | -6/Garrison | Triggered checkpoint 11550 | -6/Garrison | Garrison Relay disabled 11681 | -6/Garrison | Build established: Botlord-Mutant 11788 | -6/Garrison | Triggered checkpoint 11809 | -6/Garrison | Garrison Relay disabled 11962 | -6/Garrison | Entered Factory 11962 | -5/Factory | Accompanied by 1 ally 11962 | -5/Factory | Evolved 2 slots: Utility x2 12270 | -5/Factory | Discovered new exit (range 14) 13432 | -5/Factory | Build established: Botlord-Assassin 13600 | -5/Factory | System corruption reached 10% 13752 | -5/Factory | Identified exit to Garrison 13752 | -5/Factory | Entered Garrison 13762 | -5/Garrison | Expanded RIF knowledge: Program Shield 13834 | -5/Garrison | Triggered checkpoint 13891 | -5/Garrison | Garrison Relay disabled 14205 | -5/Garrison | Build established: Botlord-Mutant 14269 | -5/Garrison | Triggered checkpoint 14305 | -5/Garrison | Triggered checkpoint 14332 | -5/Garrison | Lost 4 parts (1p1u2w) 14495 | -5/Garrison | Discovered new exit (range 9) 14545 | -5/Garrison | Triggered checkpoint 14646 | -5/Garrison | Garrison Relay disabled 14814 | -5/Garrison | Triggered checkpoint 14934 | -5/Garrison | Discovered new exit (range 23) 14940 | -5/Garrison | Triggered checkpoint 15070 | -5/Garrison | Garrison Relay disabled 15118 | -5/Garrison | Discovered new exit (range 39) 15134 | -5/Garrison | Triggered checkpoint 15300 | -5/Garrison | Entered Factory 15300 | -4/Factory | Accompanied by 3 allies 15300 | -4/Factory | Evolved 2 slots: Utility x2 15685 | -4/Factory | Fabricated Hcp. Storage Unit (x1) 15696 | -4/Factory | Garrison activated, responded to threat 15699 | -4/Factory | Build established: Botlord-Assassin 15830 | -4/Factory | Identified exit to Garrison 15842 | -4/Factory | Entered Garrison 15842 | -4/Garrison | Accompanied by 1 ally 15882 | -4/Garrison | Triggered checkpoint 15928 | -4/Garrison | Garrison Relay disabled 16020 | -4/Garrison | Spotted B-86 Titan 16104 | -4/Garrison | Triggered checkpoint 16104 | -4/Garrison | Triggered checkpoint 16116 | -4/Garrison | Triggered checkpoint 16191 | -4/Garrison | Build established: Botlord-Mutant 16613 | -4/Garrison | Destroyed B-86 Titan 16698 | -4/Garrison | Discovered new exit (range 19) 16738 | -4/Garrison | Expanded RIF knowledge: Autooverride 16772 | -4/Garrison | Triggered checkpoint 16806 | -4/Garrison | Garrison Relay disabled 16933 | -4/Garrison | Triggered checkpoint 16946 | -4/Garrison | Discovered new exit (range 23) 16957 | -4/Garrison | Garrison Relay disabled 17145 | -4/Garrison | Triggered checkpoint 17221 | -4/Garrison | Garrison Relay disabled 17296 | -4/Garrison | Discovered new exit (range 19) 17328 | -4/Garrison | Entered Factory 17328 | -4/Factory | Accompanied by 2 allies 17485 | -4/Factory | Build established: Botlord-Assassin 17532 | -4/Factory | Discovered new exit (range 24) 17552 | -4/Factory | Found Com. Tesla Bomb Launcher 17555 | -4/Factory | Found Com. Tesla Bomb Launcher 17558 | -4/Factory | Found Com. Tesla Bomb Launcher 17578 | -4/Factory | First assault squad dispatched 18096 | -4/Factory | Build established: Botlord-Mutant 18103 | -4/Factory | Identified exit to Garrison 18112 | -4/Factory | Entered Garrison 18112 | -4/Garrison | Accompanied by 5 allies 18157 | -4/Garrison | Expanded RIF knowledge: Hotswap 18225 | -4/Garrison | Triggered checkpoint 18266 | -4/Garrison | Garrison Relay disabled 18524 | -4/Garrison | Triggered checkpoint 18536 | -4/Garrison | Triggered checkpoint 18756 | -4/Garrison | Discovered new exit (range 13) 18814 | -4/Garrison | Triggered checkpoint 18858 | -4/Garrison | Garrison Relay disabled 18973 | -4/Garrison | Triggered checkpoint 19004 | -4/Garrison | Triggered checkpoint 19059 | -4/Garrison | Discovered new exit (range 12) 19070 | -4/Garrison | Triggered checkpoint 19102 | -4/Garrison | Garrison Relay disabled 19204 | -4/Garrison | Entered Research 19204 | -3/Research | Accompanied by 11 allies 19204 | -3/Research | Evolved 2 slots: Utility x2 19817 | -3/Research | Garrison activated, responded to threat 19952 | -3/Research | Identified exit to Garrison 19952 | -3/Research | Entered Garrison 20130 | -3/Garrison | Triggered checkpoint 20230 | -3/Garrison | Garrison Relay disabled 20450 | -3/Garrison | Triggered checkpoint 20504 | -3/Garrison | Triggered checkpoint 20528 | -3/Garrison | Triggered checkpoint 20625 | -3/Garrison | Discovered new exit (range 10) 20659 | -3/Garrison | Triggered checkpoint 20715 | -3/Garrison | Garrison Relay disabled 20945 | -3/Garrison | Discovered new exit (range 13) 21002 | -3/Garrison | Triggered checkpoint 21024 | -3/Garrison | Garrison Relay disabled 21150 | -3/Garrison | Triggered checkpoint 21216 | -3/Garrison | Triggered checkpoint 21244 | -3/Garrison | Garrison Relay disabled 21314 | -3/Garrison | Discovered new exit (range 19) 21354 | -3/Garrison | Expanded RIF knowledge: Coupler Efficiency 21378 | -3/Garrison | Entered Research 21378 | -2/Research | Accompanied by 6 allies 21378 | -2/Research | Evolved 2 slots: Utility x2 21628 | -2/Research | First assault squad dispatched 21672 | -2/Research | Spotted B-90 Cyclops 21822 | -2/Research | Discovered new exit (range 21) 21917 | -2/Research | Identified exit to Access 22176 | -2/Research | Spotted B-90 Cyclops 22217 | -2/Research | System corruption reached 10% 22242 | -2/Research | Garrison activated, responded to threat 22299 | -2/Research | Released all parts (12) 22309 | -2/Research | Core integrity fell below 50% 22335 | -2/Research | Lost 18 parts (3p5n9u1w) 22539 | -2/Research | Build established: Scavenger-Mutant 22570 | -2/Research | Entered Access 22570 | -1/Access | Evolved 2 slots: Propulsion x2 22580 | -1/Access | Energy Cycler disabled 22932 | -1/Access | Lost 3 parts (2n1w) 23022 | -1/Access | System corruption reached 10% 23049 | -1/Access | Lost 4 parts (2n1u1w) 23186 | -1/Access | Lost 6 parts (1p1n3u1w) 23739 | -1/Access | Lost 15 parts (1p6n8u) 23986 | -1/Access | Spotted B-99 Colossus 24286 | -1/Access | System corruption reached 30% 24292 | -1/Access | Spotted B-99 Colossus 24304 | -1/Access | Core integrity fell below 50% 24355 | -1/Access | Released all parts (13) 24363 | -1/Access | Spotted B-99 Colossus 24380 | -1/Access | Lost 15 parts (2p7n5u1w) 24406 | -1/Access | Discovered new exit (range 5) 24409 | *** | Escaped! Last Messages --------------- 24356_ Dropped Energy Well. 24357_ Extracted 10 energy. 24357_ U-05 Engineer lays Concrete. 24357_ Acquired Plasma Lance. 24358_ G-73 Enforcer destroyed. 24359_ U-05 Engineer lays Concrete. 24360_ U-05 Engineer builds a Wall. 24360_ U-05 Engineer lays Concrete. 24363_ U-05 Engineer builds a Wall. 24364_ Acquired Imp. Antigrav System. 24365_ The unstable cave ceiling collapses. 24368_ System corrupted: Heat flow error (+255). 24374_ C-30 ARC bursts open, deploying its payload. 24374_ P-80 Master unfolds itself. 24383_ IBEE/CFYQJ%U%MQSSZ / 24387_ Acquired 59 matter. 24389_ K-01 Serf collects debris. 24401_ System corrupted: Energy discharge (-28). 24406_ The Access Shell folds into the floor. 24406_ EXIT=FOUND Map ----- +----------------------------------------------------+ | ?????????????????????????????????????????????????? | | ?????????????????????????????????????????????????? | | ?????????????????????????????????????????????????? | | ?????????????????????????????????????????????????? | | ?????????????????????????????????????????????????? | | ?????????????????????????????????????????????????? | | ?????????????????????????????????????????????????? | | ?????????????????????????????????????????????????? | | ?????????????????????????????????????????????????? | | ?????????????????????????????????????????????????? | | ?????????????????????????????????????????????????? | | ?????????????????????????????????????????????????? | | ??????????????????????????????????????????????#### | | ?????????????????????????????????????????????## | | ??????????# ????????????????????????????????# | | ??????????# ???????????????????????????????## | | ??????????# ???????????????????????????????# # | | ??????????# ??????????????????????????????## # | | ??????????# ??????###?????????????????????# # | | ??????????# ####### ##########???######????# | | ??????????# """T""" "??? ????# | | ??????????# """ """ "??" ???# | | ??????????# "??? ######### | | ??????????# "??" | | ??????????# "" "??" | | ??????????# @" "??" | | ??????????# "??" | | ??????????# "??" ### ## | | ??????????# "???? ???# #? | | ??????????# "????? ????# #? | | ??????????# ####### ##########?????#??????# #? | | ??????????# #?????###?????????????????????# #? | | ??????????# #??????#########??????????????# #? | | ??????????# #???????!= ???????????????# #? | | ??????????# #???????= ! ???????????????# #? | | ??????????# #???????? ????????????????# #? | | ??????????# #???????? ????????????????# #? | | ??????????# #????????? ?????????????????# #? | | ?????????## ##???????? ?????????????????# #? | | ?????????# ##########+################### ## | | ?????????# | | ?????????# %" | | ?????????# ##########/######## #####+######### | | ?????????######?????????????????# # #? | | ????????????????????????????????# # #? | | ????????????????????????????????# # ! #? | | ????????????????????????????????# # #? | | ????????????????????????????????# # #? | | ????????????????????????????????# + #? | | ????????????????????????????????#### #? | +----------------------------------------------------+ Best States ------------- Heat Dissipation 147 Coolant Potential 65 Energy Generation 25 Energy Capacity 850 Matter Stores 300 Matter Capacity 300 Sight Range 22 Terrain Scan Range 24 Terrain Scan Density 210 Jamming Range 16 Cloak Strength 4 Armor Coverage 1200 Resistance: KI 30 Resistance: TH 20 Utility Shielding 66 Evasion (%) 69 Targeting Accuracy 8 Melee Accuracy 56 Target Analysis 8 Armor Integrity Analysis 50 Recoil Reduction 4 Offensive Hacking 10 Defensive Hacking 14 Item Schematics ----------------- Remote Datajack | -7/Factory | Hacked Hcp. Storage Unit | -4/Factory | Hacked Imp. Remote Datajack | -4/Factory | Hacked Robot Schematics ------------------ None Fabricated ------------ Remote Datajack | x1 | -7/Factory Hcp. Storage Unit | x1 | -4/Factory Alien Tech Used ----------------- None Achievements -------------- Fearless Challenges ------------ None Game ------ Seed RecyclingRelayNullifier Manual? 0 Play Time 08:54:44 Cumulative 265.1 hours Start 2020.06.16 @ 08:15:26 End 2020.06.30 @ 10:55:53 Sessions 5 Manual Loads 0 Difficulty Rogue Special Mode None Game No. 88 Rogue 88 Adventurer 0 Explorer 0 Win Type 0 Total 21 Types 17/0/1/2/0/1/0 Lore% 32 Gallery% 74 Achievement% 78 Wizard Run 0 Options --------- ASCII 0 Keyboard 1 Movement Numpad Keybinds 0 Fullscreen 2 Font 20/SmallcapsGlow Map View 66x50 Tactical HUD 1 Map Filters NONE Filters NONE Steam 1 RUN: 3f2c928b-3432-49c1-b73f-4eff11fa4d15